[Event "Titled Tuesday Blitz August 1 Late 2023"]
[White "Georg, Heinz"]
[Black "Kirillov, Dmitry"]
[WhiteFideId "4607295"]
[BlackFideId "34180572"]
[WhiteElo "2300"]
[BlackElo "2424"]
[Result "0-1"]
[Round "7"]
[TimeControl "180+1"]
[Date "2023.08.01"]
[WhiteClock "0:00:00"]
[BlackClock "0:00:09"]
[Board "114"]

1. b4 e5 2. Bb2 Bxb4 3. Bxe5 Nf6 4. Nf3 Nc6 5. Bb2 O-O 6. e3 d5 7. c4 dxc4 8. Bxc4 Bf5 9. O-O Be7 10. Nc3 Bd3 11. Bxd3 Qxd3 12. Qe2 Rfd8 13. Qxd3 Rxd3 14. Rfd1 Rad8 15. Nb5 R8d7 16. Nbd4 Nxd4 17. exd4 Ba3 18. Bc3 Ne4 19. Ne5 Nxc3 20. dxc3 Rxd1+ 21. Rxd1 Rd8 22. Kf1 Bd6 23. Nc4 b5 24. Ne3 g6 25. g3 a5 26. Ke2 a4 27. Rb1 c6 28. Kd3 Bf8 29. d5 Bc5 30. c4 bxc4+ 31. Kxc4 Bxe3 32. dxc6 Rc8 33. fxe3 Rxc6+ 34. Kd3 Rd6+ 35. Kc3 Rc6+ 36. Kd3 Kg7 37. Rb4 Ra6 38. Kc4 h5 39. a3 Re6 40. Kd3 Ra6 41. Rd4 Kf6 42. Kc3 Re6 43. Kd3 Ra6 44. Kc3 Ke5 45. Rb4 f5 46. Kd3 Rd6+ 47. Ke2 Ra6 48. Kf3 g5 49. Rb5+ Kf6 50. h3 Rc6 51. Rb4 Rc2 52. g4 Rh2 53. Kg3 Re2 54. Kf3 Rh2 55. Rxa4 Rxh3+ 56. Ke2 hxg4 57. Ra6+ Ke5 58. a4 Rh2+ 59. Kd3 Ra2 60. a5 g3 61. Rg6 Rxa5 62. Rxg5 Ra3+ 63. Ke2 Ke4 0-1


[Site "https://www.chess.com"]

[Event "Titled Tuesday Blitz August 1 Late 2023"]
[White "Garmendiarov"]
[Black "Ingunza Curro, Andres"]
[BlackFideId "24526371"]
[WhiteElo "2281"]
[BlackElo "2424"]
[Result "0-1"]
[Round "7"]
[TimeControl "180+1"]
[Date "2023.08.01"]
[WhiteClock "0:00:01"]
[BlackClock "0:00:21"]
[Board "115"]

1. e4 c5 2. Nf3 Nc6 3. Bb5 g6 4. Bxc6 dxc6 5. d3 Bg7 6. h3 Nf6 7. Nc3 Nd7 8. Be3 e5 9. Qd2 h6 10. O-O Qe7 11. Nh2 Nf8 12. f4 exf4 13. Bxf4 Ne6 14. Bg3 Qg5 15. Qxg5 hxg5 16. e5 Nf4 17. Bxf4 gxf4 18. Rxf4 Be6 19. Re1 O-O-O 20. Nf3 Rh5 21. Ra4 Kb8 22. Ne4 b5 23. Ra5 Bd5 24. Nxc5 Bxf3 25. gxf3 Bxe5 26. Kg2 Bxb2 27. Re7 Rxc5 28. Raxa7 Be5 29. Rab7+ Kc8 30. f4 Bb8 31. Re2 Bxf4 32. Rxf7 Bb8 33. Ree7 Rxc2+ 34. Kf3 Rxa2 35. Ke4 Re2+ 36. Kf3 Rxe7 37. Rxe7 Rxd3+ 38. Ke4 Rd7 39. Re8+ Kb7 40. Rg8 Rh7 41. Rxg6 Rxh3 42. Rg7+ Kb6 43. Rg6 Rh4+ 44. Kd3 b4 45. Kc2 Be5 46. Rg5 Rh2+ 47. Kb3 Bc3 48. Kc4 Rh4+ 49. Kb3 Bd2 50. Rg3 Bf4 51. Rf3 Bd6 52. Rf7 Rh3+ 53. Kb2 Bc5 54. Kc2 Kb5 55. Rb7+ Kc4 56. Rd7 Bd4 57. Kb1 Rh1+ 58. Kc2 Rh2+ 59. Kb1 b3 60. Rh7 Rxh7 0-1


[Site "https://www.chess.com"]

[Event "Titled Tuesday Blitz August 1 Late 2023"]
[White "Sala, Giulia"]
[Black "Stachanczyk, Jacek"]
[WhiteFideId "2840451"]
[BlackFideId "1116657"]
[WhiteElo "2279"]
[BlackElo "2397"]
[Result "1-0"]
[Round "7"]
[TimeControl "180+1"]
[Date "2023.08.01"]
[WhiteClock "0:02:36"]
[BlackClock "0:02:14"]
[Board "116"]

1. e4 c5 2. Nf3 d6 3. d4 cxd4 4. Nxd4 Nf6 5. Nc3 g6 6. Be3 Bg7 7. f3 O-O 8. Qd2 Nc6 9. Bc4 Bd7 10. O-O-O Rb8 11. h4 b5 12. Bb3 Nxd4 13. Bxd4 a5 14. h5 a4 15. Bxf6 Bxf6 16. hxg6 axb3 17. Qh6 Re8 18. Qxh7+ 1-0


[Site "https://www.chess.com"]

[Event "Titled Tuesday Blitz August 1 Late 2023"]
[White "Thiel, Thomas"]
[Black "Necromon"]
[WhiteFideId "4615964"]
[WhiteElo "2268"]
[BlackElo "2396"]
[Result "1-0"]
[Round "7"]
[TimeControl "180+1"]
[Date "2023.08.01"]
[WhiteClock "0:01:38"]
[BlackClock "0:01:37"]
[Board "117"]

1. e4 c5 2. Nc3 Nc6 3. Bb5 Nd4 4. Bc4 e6 5. Nge2 Ne7 6. O-O g6 7. Nxd4 cxd4 8. Nb5 Nc6 9. c3 Qb6 10. d3 a6 11. Nxd4 Nxd4 12. cxd4 Qxd4 13. Be3 Qd6 14. d4 Bg7 15. e5 Qe7 16. f4 b5 17. Bb3 Bb7 18. d5 exd5 19. Bxd5 Bxd5 20. Qxd5 Rc8 21. Rac1 O-O 22. Bc5 Qh4 23. Bxf8 Rxc1 24. Rxc1 Qxf4 25. Rf1 Qe3+ 26. Kh1 1-0


[Site "https://www.chess.com"]

[Event "Titled Tuesday Blitz August 1 Late 2023"]
[White "Uzcategui Rodriguez, Alejandro"]
[Black "Cardozo Munar, Carlos Eduardo"]
[WhiteFideId "3903400"]
[BlackFideId "4409477"]
[WhiteElo "2387"]
[BlackElo "2267"]
[Result "1-0"]
[Round "7"]
[TimeControl "180+1"]
[Date "2023.08.01"]
[WhiteClock "0:00:18"]
[BlackClock "0:00:07"]
[Board "118"]

1. e4 e6 2. d4 d5 3. Nd2 c5 4. exd5 Qxd5 5. Ngf3 cxd4 6. Bc4 Qd7 7. Nb3 Nc6 8. Nbxd4 Nxd4 9. Nxd4 a6 10. O-O Nf6 11. Re1 Qc7 12. Bd3 Bd6 13. h3 O-O 14. Bg5 h6 15. Bxf6 gxf6 16. Qh5 Kg7 17. Qg4+ Kh8 18. Qh4 Kg7 19. Qg4+ Kh8 20. Qh5 Kg7 21. Re4 f5 22. Rh4 Rh8 23. g4 Be5 24. Nf3 Bxb2 25. Rb1 Bc3 26. g5 Bd7 27. gxh6+ Kf8 28. h7 Ke7 29. Ng5 Raf8 30. Rc4 Qe5 31. Rxb7 Bd4 32. Nf3 Qg7+ 33. Kf1 Rxh7 34. Qg5+ Qxg5 35. Nxg5 Rh5 36. Rxd4 Rd8 37. Nxf7 Rxh3 38. Ne5 Rh1+ 39. Ke2 Ra1 40. Rdxd7+ Rxd7 41. Rxd7+ Kf6 42. f4 Re1+ 43. Kxe1 a5 44. Rf7# 1-0


[Site "https://www.chess.com"]

[Event "Titled Tuesday Blitz August 1 Late 2023"]
[White "Jorajuria Mendoza, Algol"]
[Black "Da Matta, Eduardo Cesar"]
[WhiteFideId "5128897"]
[BlackFideId "2193108"]
[WhiteElo "2382"]
[BlackElo "2235"]
[Result "1-0"]
[Round "7"]
[TimeControl "180+1"]
[Date "2023.08.01"]
[WhiteClock "0:00:09"]
[BlackClock "0:00:00"]
[Board "119"]

1. e4 c5 2. Nf3 d6 3. d4 cxd4 4. Qxd4 Nf6 5. Bg5 Nc6 6. Bb5 Bd7 7. Qd3 e6 8. Nc3 Be7 9. O-O-O a6 10. Bxc6 Bxc6 11. Nd4 Qc7 12. f4 O-O-O 13. Rhe1 h6 14. Bxf6 Bxf6 15. Kb1 Kb8 16. Qc4 g5 17. fxg5 hxg5 18. h3 Be5 19. Rf1 Rh7 20. Rf3 Rg8 21. Rdf1 Rgg7 22. Nxc6+ Qxc6 23. Qxc6 bxc6 24. Nd1 f6 25. c4 g4 26. Rb3+ Kc7 27. Nf2 gxh3 28. gxh3 f5 29. Nd3 Bd4 30. exf5 e5 31. Nb4 e4 32. Nxa6+ Kc8 33. Rb8+ Kd7 34. Nb4 Kc7 35. Re8 e3 36. Nc2 c5 37. Nxe3 Rxh3 38. f6 Rf7 39. Nd5+ Kd7 40. Re7+ Rxe7 41. fxe7 Rh2 42. Rf8 Rxb2+ 43. Kc1 Re2 44. Rd8+ Kc6 45. e8=Q+ Rxe8 46. Rxe8 Kb7 47. Kc2 Ka6 48. Kb3 Ka5 49. Re6 Be5 50. Rxe5 dxe5 51. Nc3 Kb6 52. Ka4 Kc6 53. Ne4 1-0


[Site "https://www.chess.com"]

[Event "Titled Tuesday Blitz August 1 Late 2023"]
[White "UgarteCesar"]
[Black "Eggleston, Thomas A"]
[BlackFideId "412139"]
[WhiteElo "2231"]
[BlackElo "2379"]
[Result "1-0"]
[Round "7"]
[TimeControl "180+1"]
[Date "2023.08.01"]
[WhiteClock "0:00:16"]
[BlackClock "0:00:00"]
[Board "120"]

1. e4 e6 2. d4 d5 3. Nd2 c5 4. exd5 Qxd5 5. Ngf3 cxd4 6. Bc4 Qd6 7. O-O Nf6 8. Nb3 Nc6 9. Nbxd4 Nxd4 10. Nxd4 Be7 11. b3 O-O 12. Bb2 a6 13. a4 b6 14. Qf3 Ra7 15. Rad1 Bb7 16. Qe2 Qf4 17. Rfe1 Ng4 18. g3 Qg5 19. h4 Qh5 20. Nxe6 Bxh4 21. Nxg7 Qg6 22. Bd3 f5 23. Qe6+ Qxe6 24. Nxe6 Bf6 25. Nxf8 Bxb2 26. Ne6 Bf3 27. Rb1 Bc3 28. Rf1 Nh6 29. Nf4 Bd4 30. Be2 Be4 31. Bd3 Bf3 32. Be2 Be4 33. Rbd1 Bc5 34. Bd3 Bf3 35. Rde1 Kf7 36. Ne6 Re7 37. Nxc5 bxc5 38. Rxe7+ Kxe7 39. Bxa6 Ng4 40. Bd3 Kf6 41. Re1 Ne5 42. Rxe5 Kxe5 43. a5 Bc6 44. a6 Ba8 45. Bf1 Kd4 46. Bg2 1-0


[Site "https://www.chess.com"]

[Event "Titled Tuesday Blitz August 1 Late 2023"]
[White "Shapiro, Daniel"]
[Black "De Souza, Cristiano Gomes"]
[WhiteFideId "2001780"]
[BlackFideId "2151758"]
[WhiteElo "2376"]
[BlackElo "2231"]
[Result "1/2-1/2"]
[Round "7"]
[TimeControl "180+1"]
[Date "2023.08.01"]
[WhiteClock "0:00:07"]
[BlackClock "0:00:00"]
[Board "121"]

1. d4 Nf6 2. c4 g6 3. Nc3 Bg7 4. e4 d6 5. Be2 O-O 6. Nf3 e5 7. O-O Nc6 8. d5 Ne7 9. a4 Nh5 10. Re1 f5 11. a5 fxe4 12. Ng5 Nf4 13. Bg4 Nd3 14. Bxc8 Qxc8 15. Re2 Nxc1 16. Rxc1 Bh6 17. Ncxe4 Qf5 18. Qd2 Rae8 19. f3 Nc8 20. h4 Re7 21. b4 Bxg5 22. Qxg5 Qxg5 23. Nxg5 Rf4 24. g3 Rf5 25. Kg2 h6 26. Ne4 Kg7 27. c5 Ref7 28. Re3 g5 29. hxg5 hxg5 30. g4 Rf4 31. Nxg5 Rxb4 32. Ne6+ Kg6 33. cxd6 Nxd6 34. Rxc7 e4 35. f4 Rxc7 36. Nxc7 Rb2+ 37. Kg3 Ra2 38. Ne6 Rxa5 39. f5+ Kf6 40. Kf4 Ra1 41. g5+ Ke7 42. g6 Kf6 43. g7 Rf1+ 44. Kg3 Nxf5+ 45. Kg2 Rf3 46. Kh2 Nxg7 47. Rxf3+ exf3 48. Nd4 Ke5 49. Nxf3+ Kxd5 50. Kg3 Ne6 51. Kf2 Nd4 52. Nd2 b5 53. Ke3 a5 54. Kd3 Kc5 55. Kc3 b4+ 56. Kb2 1/2-1/2


[Site "https://www.chess.com"]

[Event "Titled Tuesday Blitz August 1 Late 2023"]
[White "campochess"]
[Black "Kanyamarala, Trisha"]
[BlackFideId "45004722"]
[WhiteElo "2215"]
[BlackElo "2366"]
[Result "1-0"]
[Round "7"]
[TimeControl "180+1"]
[Date "2023.08.01"]
[WhiteClock "0:01:35"]
[BlackClock "0:02:08"]
[Board "122"]

1. e4 c5 2. Nc3 b6 3. g3 Bb7 4. Bg2 Nc6 5. Nge2 d6 6. O-O Nf6 7. d3 e6 8. b3 Be7 9. Bb2 O-O 10. h4 d5 11. exd5 exd5 12. Nf4 Nd4 13. Nce2 Ne6 14. c4 Nc7 15. d4 cxd4 16. Nxd4 Rb8 17. Nf5 d4 18. Re1 Bc5 19. Bxb7 Rxb7 20. Bxd4 Na6 21. Nd5 Bxd4 22. Qxd4 Nxd5 23. Qxg7# 1-0


[Site "https://www.chess.com"]

[Event "Titled Tuesday Blitz August 1 Late 2023"]
[White "Petersson, Kjell"]
[Black "Slavin, Alexey"]
[WhiteFideId "1705148"]
[BlackFideId "24104388"]
[WhiteElo "2205"]
[BlackElo "2351"]
[Result "0-1"]
[Round "7"]
[TimeControl "180+1"]
[Date "2023.08.01"]
[WhiteClock "0:00:25"]
[BlackClock "0:00:40"]
[Board "123"]

1. d4 Nc6 2. d5 Ne5 3. Nc3 Nf6 4. e4 d6 5. f4 Ned7 6. Nf3 c6 7. Be2 cxd5 8. exd5 g6 9. O-O Bg7 10. Kh1 O-O 11. Nh4 a6 12. f5 b5 13. a3 Bb7 14. fxg6 hxg6 15. Bg5 Rc8 16. Qd2 Ne5 17. Bh6 Nc4 18. Bxc4 Rxc4 19. Bxg7 Kxg7 20. Nf3 Rh8 21. Rae1 Bc8 22. Nd4 Qb6 23. Nc6 Rch4 24. g3 Rxh2+ 25. Qxh2 Rxh2+ 26. Kxh2 Ng4+ 27. Kh1 Ne3 28. Rf3 Nxd5 29. Nxd5 Qxc6 30. Rxe7 Qxd5 31. Re3 Bg4 0-1


[Site "https://www.chess.com"]

[Event "Titled Tuesday Blitz August 1 Late 2023"]
[White "Feliz Dotel, Dewar Bienvenido"]
[Black "Kostiukov, Alexandr"]
[WhiteFideId "6402801"]
[BlackFideId "14108100"]
[WhiteElo "2166"]
[BlackElo "2349"]
[Result "0-1"]
[Round "7"]
[TimeControl "180+1"]
[Date "2023.08.01"]
[WhiteClock "0:01:44"]
[BlackClock "0:01:44"]
[Board "124"]

1. d4 g6 2. e3 Bg7 3. Nf3 d6 4. Be2 e5 5. dxe5 dxe5 6. Qxd8+ Kxd8 7. e4 f6 8. c3 Be6 9. Be3 Nd7 10. O-O Bh6 11. Bxh6 Nxh6 12. Rd1 Ke7 13. Na3 c6 14. Bc4 Nc5 15. Bxe6 Kxe6 16. Re1 Rhd8 17. b4 Na4 18. Re3 Ng4 19. Re2 Nxc3 20. Rc2 Nxe4 21. h3 Nh6 22. b5 c5 23. b6 axb6 24. Nb5 Rd7 25. a4 Nd6 26. Rb2 Nxb5 27. Rxb5 Ra6 28. Rab1 Rd6 29. g4 Nf7 30. Kf1 Rc6 31. Nd2 Nd6 32. Ke2 Rxa4 33. Rxb6 Rxb6 34. Rxb6 Ra2 35. Kd3 Kd7 36. f3 Rxd2+ 37. Kxd2 Nc4+ 0-1


[Site "https://www.chess.com"]

[Event "Titled Tuesday Blitz August 1 Late 2023"]
[White "Porat, Tori"]
[Black "Kujawski, Adam"]
[WhiteFideId "30982626"]
[BlackFideId "1100920"]
[WhiteElo "2006"]
[BlackElo "2348"]
[Result "0-1"]
[Round "7"]
[TimeControl "180+1"]
[Date "2023.08.01"]
[WhiteClock "0:00:03"]
[BlackClock "0:00:06"]
[Board "125"]

1. d4 Nf6 2. c4 e6 3. Nc3 Bb4 4. Nf3 c5 5. dxc5 O-O 6. Bg5 h6 7. Bh4 Na6 8. e3 Nxc5 9. Qc2 Nce4 10. Bd3 Nxc3 11. bxc3 Be7 12. O-O d6 13. Rfd1 Qc7 14. e4 Nh5 15. Bxe7 Qxe7 16. Nd4 a6 17. Qd2 Rd8 18. Be2 Nf6 19. Bf3 Bd7 20. a4 Be8 21. Qe2 Rac8 22. Rdb1 Rc7 23. Qe3 Nd7 24. Rd1 Nc5 25. a5 f6 26. Bg4 Bf7 27. Rab1 Re8 28. Ne2 Bg6 29. Nf4 Bxe4 30. Rb6 f5 31. Bh5 Rd8 32. f3 Bc6 33. Ng6 Qf6 34. Nf4 e5 35. Nd5 Bxd5 36. Rxd5 g6 37. Qxh6 Rg7 38. g4 fxg4 39. Bxg4 Qf4 40. Qxf4 exf4 41. Rbxd6 Rxd6 42. Rxd6 Nb3 43. Rd8+ Kf7 44. Rd7+ Kf6 45. Rd6+ Ke5 46. Rd5+ Kf6 47. Rd6+ Kg5 48. Rd5+ Kh4 49. Kg2 Nxa5 50. Rxa5 Rc7 51. Rd5 Rxc4 52. Rd7 Rxc3 53. Rxb7 Rc2+ 54. Kg1 Ra2 55. Rh7+ Kg5 56. Rd7 a5 57. Rd5+ Kh4 58. Rd7 Kg5 59. Rh7 a4 60. Rd7 a3 61. Rd5+ Kh4 62. Rd7 Rb2 63. Rf7 Kg5 64. Be6 a2 65. Bxa2 Rxa2 66. Re7 Rc2 67. Re5+ Kh4 68. Re7 Rc1+ 69. Kf2 Rc2+ 70. Kf1 Kg5 71. Re5+ Kf6 72. Re8 Rxh2 73. Rf8+ Kg5 74. Kg1 Rb2 75. Rf7 Rb1+ 76. Kg2 Rb2+ 77. Kg1 Rc2 78. Rf8 Rc4 79. Kg2 Rc2+ 80. Kg1 Rd2 81. Kf1 Rd4 82. Kf2 Rd2+ 83. Kg1 Ra2 84. Kf1 Ra4 85. Kg1 Kh4 86. Rh8+ Kg3 87. Kf1 Kxf3 88. Ke1 g5 89. Rh3+ Ke4 90. Rh5 g4 91. Rf5 Ke3 92. Re5+ Kf3 93. Rf5 g3 94. Kf1 Ra1# 0-1


[Site "https://www.chess.com"]

[Event "Titled Tuesday Blitz August 1 Late 2023"]
[White "Garcia-Castany Musellas, Gal.la"]
[Black "Burke, Paul"]
[WhiteFideId "2241803"]
[BlackFideId "2605767"]
[WhiteElo "2332"]
[BlackElo "1903"]
[Result "1/2-1/2"]
[Round "7"]
[TimeControl "180+1"]
[Date "2023.08.01"]
[WhiteClock "0:00:12"]
[BlackClock "0:01:04"]
[Board "127"]

1. e4 a6 2. d4 d6 3. Nc3 g6 4. Nf3 h6 5. Be3 Bg7 6. a4 Nd7 7. Bc4 e6 8. O-O Ne7 9. Re1 O-O 10. Qd2 Kh7 11. Bf1 b6 12. Rad1 Bb7 13. d5 e5 14. h3 f5 15. exf5 gxf5 16. Qe2 f4 17. Bc1 Nf6 18. Qc4 Bc8 19. Bd3+ Kg8 20. Ne4 Nxe4 21. Bxe4 Bf5 22. Nh4 Qd7 23. Bxf5 Nxf5 24. Nxf5 Qxf5 25. Qe4 Qf6 26. f3 a5 27. c4 Rf7 28. Bd2 Raf8 29. Re2 Qh4 30. Be1 Qf6 31. Bc3 Qh4 32. Be1 Qf6 33. Bc3 Qh4 34. Be1 1/2-1/2


[Site "https://www.chess.com"]

[Event "Titled Tuesday Blitz August 1 Late 2023"]
[White "Jahnz, Fabian"]
[Black "Vila Dupla, Aurelio"]
[WhiteFideId "4653300"]
[BlackFideId "2203383"]
[WhiteElo "2370"]
[BlackElo "2153"]
[Result "0-1"]
[Round "7"]
[TimeControl "180+1"]
[Date "2023.08.01"]
[WhiteClock "0:00:00"]
[BlackClock "0:00:06"]
[Board "128"]

1. e4 c5 2. Nf3 d6 3. Bb5+ Nd7 4. d4 cxd4 5. Qxd4 a6 6. Bxd7+ Bxd7 7. O-O Nf6 8. Re1 e6 9. Bg5 Be7 10. Nc3 Bc6 11. Rad1 h6 12. Bxf6 Bxf6 13. Qxd6 Qxd6 14. Rxd6 Bxc3 15. bxc3 Ke7 16. Rd2 Rhd8 17. Nd4 Be8 18. f3 g6 19. Red1 Rac8 20. Rd3 Rd7 21. Kf2 Rcd8 22. Nb3 Rc8 23. Rxd7+ Bxd7 24. Rd3 Bb5 25. Re3 e5 26. Nd2 Bc4 27. Nb3 b6 28. g3 a5 29. f4 f6 30. Ke1 a4 31. Nc1 Ke6 32. h4 g5 33. hxg5 hxg5 34. f5+ Kd6 35. a3 Rh8 36. Ne2 Rh1+ 37. Kd2 Ra1 38. Nc1 Rxa3 39. Nd3 Ra1 40. Nb4 a3 41. Rf3 a2 42. Rf2 Rb1 43. Nxa2 Bxa2 44. Rh2 Bf7 45. Rh6 Ke7 46. Rh8 Rg1 47. Rb8 Rxg3 48. Rxb6 Rg2+ 49. Kd3 Rg3+ 50. Kd2 Rf3 51. Rb7+ Kf8 52. Rb6 Kg7 53. Rb7 g4 54. c4 g3 55. Rb1 Bxc4 56. Rg1 Bf7 57. Ke2 Ra3 58. Rg2 Bc4+ 59. Kd2 Ba6 60. c3 Bb7 61. Rxg3+ Kf7 62. Re3 Ra2+ 63. Kc1 Ba6 64. Kb1 Rf2 65. Kc1 Rf4 66. Kd1 Bb7 67. c4 Bxe4 68. c5 Bxf5 69. Rc3 Rd4+ 70. Ke2 Rd8 71. c6 Rc8 72. c7 Ke6 73. Rc6+ Ke7 74. Ke3 Be6 75. Ke2 Kd7 76. Ra6 Rxc7 77. Ke3 Ke7 78. Rb6 Rd7 79. Ra6 Bd5 80. Rb6 Rd6 81. Rb5 Ke6 82. Rb8 Bc4 83. Re8+ Kd5 84. Rh8 f5 85. Rf8 f4+ 86. Kf2 Kd4 87. Rb8 Bd5 88. Rf8 Be4 89. Rf7 Bd3 90. Rf8 Bc4 91. Rf5 Ke4 92. Rf8 Ra6 93. Rd8 Ra2+ 94. Ke1 Ke3 95. Rd1 f3 96. Rc1 Re2+ 97. Kd1 f2 98. Rc3+ Kf4 99. Rxc4+ Kf3 100. Rc3+ Re3 0-1


[Site "https://www.chess.com"]

[Event "Titled Tuesday Blitz August 1 Late 2023"]
[White "Rego, Pedro Filipe"]
[Black "Vaglio Munoz, Jaime"]
[WhiteFideId "1904310"]
[BlackFideId "6500145"]
[WhiteElo "2338"]
[BlackElo "2271"]
[Result "1-0"]
[Round "7"]
[TimeControl "180+1"]
[Date "2023.08.01"]
[WhiteClock "0:01:11"]
[BlackClock "0:01:29"]
[Board "129"]

1. e4 c5 2. Nf3 Qa5 3. Nc3 a6 4. b3 b5 5. Bb2 Bb7 6. d3 b4 7. Nb1 e6 8. Nbd2 Nf6 9. Nc4 Qc7 10. g3 d6 11. Bg2 Nbd7 12. O-O Be7 13. Re1 O-O 14. Qe2 a5 15. a4 bxa3 16. Rxa3 Ba6 17. Rxa5 Bxc4 18. Rxa8 Rxa8 19. bxc4 Ra2 20. Bc3 Qa7 21. e5 dxe5 22. Nxe5 Qa4 23. Nxd7 Nxd7 24. Rc1 Bg5 25. f4 Bf6 26. Bxf6 Nxf6 27. Qf2 Qa3 28. Rb1 h5 29. f5 e5 30. Bd5 Qc3 31. Rb8+ Kh7 32. Bxf7 Rxc2 33. Bg6+ Kh6 34. Qe3# 1-0


[Site "https://www.chess.com"]

[Event "Titled Tuesday Blitz August 1 Late 2023"]
[White "Tqebuchava, Zurab"]
[Black "Curtis, John"]
[WhiteFideId "13601113"]
[BlackFideId "3200256"]
[WhiteElo "2271"]
[BlackElo "2089"]
[Result "1-0"]
[Round "7"]
[TimeControl "180+1"]
[Date "2023.08.01"]
[WhiteClock "0:01:35"]
[BlackClock "0:02:07"]
[Board "130"]

1. e4 c5 2. Nf3 d6 3. Bb5+ Bd7 4. Bxd7+ Qxd7 5. c4 Nc6 6. d4 Qg4 7. O-O Qxe4 8. Nc3 Qg4 9. dxc5 dxc5 10. Nb5 Qc8 11. Qe2 Qd7 12. Rd1 O-O-O 13. Rxd7 Rxd7 14. Bf4 f6 15. Qe6 Nd8 16. Nxa7# 1-0


[Site "https://www.chess.com"]

[Event "Titled Tuesday Blitz August 1 Late 2023"]
[White "Ramadoss, Ashokkumar"]
[Black "Miranda, Rafael"]
[WhiteFideId "5040990"]
[BlackFideId "130990"]
[WhiteElo "2299"]
[BlackElo "2618"]
[Result "1/2-1/2"]
[Round "7"]
[TimeControl "180+1"]
[Date "2023.08.01"]
[WhiteClock "0:00:35"]
[BlackClock "0:01:15"]
[Board "131"]

1. Nf3 d5 2. c4 e6 3. d4 Nf6 4. Nc3 Be7 5. cxd5 exd5 6. Bg5 c6 7. Qc2 Nbd7 8. e3 O-O 9. Bd3 h6 10. Bh4 Re8 11. O-O Nf8 12. Rab1 Ne4 13. Bxe7 Qxe7 14. b4 a6 15. a4 Nxc3 16. Qxc3 Bd7 17. Qc5 Qxc5 18. bxc5 Bc8 19. Rb2 Ne6 20. Bf5 Nd8 21. Bxc8 Rxc8 22. Rfb1 Rc7 23. h3 Ree7 24. Ne5 g6 25. Nd3 Kg7 26. Nc1 f5 27. g3 Kf7 28. Kf1 Ke6 29. Ke2 Kd7 30. Kd3 Kc8 31. Ne2 Nf7 32. h4 Nd8 33. Nf4 Rg7 34. Ke2 Rce7 35. Nd3 Ne6 36. Kf1 g5 37. hxg5 hxg5 38. Ne5 Nxc5 39. Nxc6 bxc6 40. Rb8+ Kd7 41. dxc5 Ke6 42. R1b6 Rc7 43. Rxa6 Rgd7 44. Rh8 d4 45. exd4 Kd5 46. Rf8 Ke4 47. Raa8 f4 48. Rae8+ Kf3 49. gxf4 gxf4 50. Re3+ Kg4 51. Re4 Rf7 52. Rxf7 Rxf7 53. Ke2 Ra7 54. Re6 Rxa4 55. Rxc6 Rxd4 56. Rc8 Rc4 57. c6 Rc2+ 58. Kd3 Rc1 59. Ke4 Re1+ 60. Kd3 Kf3 61. c7 Rc1 62. Kd2 Rc6 63. Kd3 Kxf2 64. Rf8 Rxc7 65. Rxf4+ 1/2-1/2


[Site "https://www.chess.com"]

[Event "Titled Tuesday Blitz August 1 Late 2023"]
[White "Castro Silva, Moises Antonio"]
[Black "Stanisz, Patryk"]
[WhiteFideId "3909794"]
[BlackFideId "1123106"]
[WhiteElo "2435"]
[BlackElo "2294"]
[Result "1-0"]
[Round "7"]
[TimeControl "180+1"]
[Date "2023.08.01"]
[WhiteClock "0:01:26"]
[BlackClock "0:00:24"]
[Board "132"]

1. e4 c5 2. Nf3 Nc6 3. d4 cxd4 4. Nxd4 Nf6 5. Nc3 e5 6. Ndb5 d6 7. Bg5 a6 8. Na3 b5 9. Bxf6 gxf6 10. Nd5 Bg7 11. g3 Ne7 12. Nxe7 Qxe7 13. Bg2 Bb7 14. O-O O-O 15. c3 Rad8 16. Nc2 Bh6 17. Qh5 Kg7 18. Rad1 Qe6 19. Bh3 Qxa2 20. Bf5 Rh8 21. f4 Qxb2 22. Ne3 Rdg8 23. Ng4 Bxf4 24. gxf4 Kf8 25. Qh6+ Ke7 26. Qxf6+ Ke8 27. Rxd6 1-0


[Site "https://www.chess.com"]

[Event "Titled Tuesday Blitz August 1 Late 2023"]
[White "Bazilius, Augustinas"]
[Black "Gyulamiryan-koryun"]
[WhiteFideId "12832251"]
[WhiteElo "2428"]
[BlackElo "2107"]
[Result "1-0"]
[Round "7"]
[TimeControl "180+1"]
[Date "2023.08.01"]
[WhiteClock "0:00:10"]
[BlackClock "0:00:00"]
[Board "133"]

1. d4 Nf6 2. c4 c5 3. d5 b5 4. cxb5 a6 5. e3 g6 6. Nc3 Bg7 7. Nf3 O-O 8. a4 axb5 9. Bxb5 Ba6 10. O-O Ne4 11. Nxe4 Bxb5 12. Re1 d6 13. Nc3 Ba6 14. e4 Nd7 15. Bf4 Nb6 16. Qc2 Nc4 17. e5 dxe5 18. Nxe5 Qb6 19. b3 Nxe5 20. Bxe5 Bxe5 21. Rxe5 Rab8 22. Rb1 Qf6 23. Rbe1 Rb7 24. R5e3 Rd7 25. Ne4 Qf5 26. Qxc5 Rxd5 27. Qxe7 Re5 28. Nf6+ Kg7 29. Rxe5 Qxf6 30. Qxf6+ Kxf6 31. Rc5 Bd3 32. b4 Ra8 33. a5 Rb8 34. b5 Rb7 35. a6 Ra7 36. Rec1 Bxb5 37. Rxb5 Rxa6 38. Rbc5 Kg7 39. Rc6 Ra2 40. Rc7 Rb2 41. g3 h5 42. Rd1 g5 43. Rdd7 h4 44. Rxf7+ Kg6 45. Rg7+ Kh5 46. gxh4 1-0


[Site "https://www.chess.com"]

[Event "Titled Tuesday Blitz August 1 Late 2023"]
[White "Celestino, Rafael Teixeira"]
[Black "Rodriguez, Santiago"]
[WhiteFideId "2108925"]
[BlackFideId "3000591"]
[WhiteElo "2227"]
[BlackElo "2408"]
[Result "0-1"]
[Round "7"]
[TimeControl "180+1"]
[Date "2023.08.01"]
[WhiteClock "0:00:06"]
[BlackClock "0:00:54"]
[Board "134"]

1. e4 g6 2. d4 Bg7 3. Nc3 d6 4. Be3 a6 5. Qd2 b5 6. a3 Bb7 7. h4 h5 8. Nf3 Nd7 9. Bd3 c5 10. dxc5 Nxc5 11. Ng5 Nf6 12. e5 Ng4 13. Bxc5 dxc5 14. e6 f5 15. Nf7 Qb6 16. Nxh8 Bxh8 17. O-O O-O-O 18. Qe1 Qd6 19. g3 Bd4 20. Ne4 fxe4 21. Kg2 exd3+ 22. Kh3 Bf3 23. c3 Qd5 24. Rg1 Bxf2 25. Qd2 Qxe6 26. Qf4 Be3 27. Qxf3 Nf2+ 28. Kg2 Qh3# 0-1


[Site "https://www.chess.com"]

[Event "Titled Tuesday Blitz August 1 Late 2023"]
[White "Broca Jimenez, Fernando"]
[Black "KorolDimitriy75"]
[WhiteFideId "5104742"]
[WhiteElo "2225"]
[BlackElo "2352"]
[Result "0-1"]
[Round "7"]
[TimeControl "180+1"]
[Date "2023.08.01"]
[WhiteClock "0:00:15"]
[BlackClock "0:00:17"]
[Board "135"]

1. e4 c5 2. c3 d5 3. exd5 Qxd5 4. d4 cxd4 5. cxd4 Nc6 6. Nf3 e5 7. dxe5 Qxd1+ 8. Kxd1 Bg4 9. Bf4 Nge7 10. Bb5 O-O-O+ 11. Ke1 Bxf3 12. gxf3 Nd4 13. Na3 Ng6 14. Be3 Bxa3 15. Bxd4 Rxd4 16. Rc1+ Kb8 17. bxa3 Nxe5 18. Rd1 Nxf3+ 19. Ke2 Rhd8 20. Bd3 Ng5 21. Rhg1 Ne6 22. Bxh7 Nf4+ 23. Kf3 Rxd1 24. Rxd1 Rxd1 25. Kxf4 Ra1 26. Bg8 Rxa2 27. Kg3 Rxa3+ 28. f3 f6 29. Bf7 Kc7 30. h4 Kd6 31. h5 Ke7 32. Bg6 Kf8 33. Bb1 b5 34. Kf4 Rb3 35. Bc2 Rb2 36. h6 Rxc2 37. h7 Rh2 38. h8=Q+ Rxh8 0-1


[Site "https://www.chess.com"]

[Event "Titled Tuesday Blitz August 1 Late 2023"]
[White "Mesa Cruz, Juan Carlos"]
[Black "Winkels, Marcel"]
[WhiteFideId "6423400"]
[BlackFideId "1003887"]
[WhiteElo "2343"]
[BlackElo "2083"]
[Result "1-0"]
[Round "7"]
[TimeControl "180+1"]
[Date "2023.08.01"]
[WhiteClock "0:00:05"]
[BlackClock "0:00:00"]
[Board "136"]

1. d4 Nf6 2. c4 g6 3. Nc3 d5 4. e3 Bg7 5. Nf3 O-O 6. h3 c5 7. dxc5 dxc4 8. Qxd8 Rxd8 9. Bxc4 Nbd7 10. Ng5 e6 11. Nge4 Ne5 12. Bb5 a6 13. Be2 Nd3+ 14. Bxd3 Rxd3 15. Ke2 Rd8 16. Rb1 Bd7 17. Nd6 Bc6 18. f3 Nd7 19. Nce4 Nxc5 20. Nxc5 Rxd6 21. Rd1 Bb5+ 22. Ke1 Rxd1+ 23. Kxd1 Rd8+ 24. Ke1 b6 25. Ne4 Bd3 26. Ra1 h6 27. Nf2 Bb5 28. a4 Bc4 29. Ra3 b5 30. axb5 axb5 31. Ra7 Bb3 32. Rb7 Bc4 33. b3 Bc3+ 34. Bd2 Bxd2+ 35. Kd1 Bxb3+ 36. Ke2 Bc3 37. Ne4 Bc4+ 38. Kf2 Bg7 39. g4 f5 40. gxf5 exf5 41. Ng3 Rd2+ 42. Kg1 Rd1+ 43. Kf2 Be5 44. h4 Bxg3+ 45. Kxg3 Rd3 46. Rb6 Kg7 47. Kf4 Rd7 48. h5 Bf7 49. hxg6 Bxg6 50. Rxb5 Re7 51. Rb4 h5 52. Rb2 Re6 53. Rg2 Rd6 54. Re2 Rc6 55. e4 Rc4 56. Ke5 fxe4 57. f4 1-0


[Site "https://www.chess.com"]